 Dungeon Crawl Stone Soup version 0.23.2 (webtiles) character file.

Game seed: 6031889979238433187

11473 Borgoz the Nimble (level 11, -2/91 HPs)
             Began as a Ghoul Enchanter on Apr 4, 2019.
             Was a Follower of Ashenzari.
             Slain by a wraith (12 damage)
             ... on level 9 of the Dungeon.
             The game lasted 00:37:09 (11933 turns).

Borgoz the Nimble (Ghoul Enchanter)                Turns: 11933, Time: 00:37:10

Health: -2/91      AC: 10    Str: 14    XL:     11   Next: 78%
Magic:  16/17      EV: 15    Int: 10    God:    Ashenzari [*.....]
Gold:   341        SH:  0    Dex: 11    Spells: 13/20 levels left

rFire    . . .     SeeInvis .   a - +1 rapier (venom) (curse)
rCold    + . .     Gourm    .   (no shield)
rNeg     + + +     Faith    .   p - +0 leather armour
rPois    ∞         Spirit   .   h - +2 hat (curse)
rElec    .         Reflect  .   (no cloak)
rCorr    .         Harm     .   n - +0 pair of gloves
MR       .....                  (no boots)
Stlth    ++........             q - amulet of regeneration
HPRegen  0.00/turn              (no ring)
MPRegen  0.15/turn              s - +3 ring of protection

@: rotting, slowed, very slow
A: rotting body, claws 1, carnivore, cold resistance 1, negative energy
resistance 3, inhibited regeneration, torment resistance, unbreathing
a: Curse Item, Scrying, Renounce Religion


You were on level 9 of the Dungeon.
You worshipped Ashenzari.
Ashenzari was aware of your devotion.
You were not hungry.

You visited 2 branches of the dungeon, and saw 11 of its levels.
You also visited: Ossuary.

You collected 471 gold pieces.
You spent 130 gold pieces at shops.

Inventory:

Hand Weapons
 a - a cursed +1 rapier of venom (weapon)
 b - a +4 dagger
 g - a cursed +3 dagger
 m - a +6 short sword
 v - a +2 dagger of venom
 A - a +3 dagger of freezing
 B - a +2 short sword
Missiles
 f - 3 silver tomahawks (quivered)
Armour
 h - a cursed +2 hat (worn)
 n - a +0 pair of gloves (worn)
 p - a +0 leather armour (worn)
Jewellery
 e - an uncursed ring of flight
 q - an amulet of regeneration (around neck)
 s - a +3 ring of protection (right hand)
 E - an uncursed amulet of faith
Wands
 l - a wand of iceblast (5)
 o - a wand of polymorph (6)
Scrolls
 c - 5 scrolls of remove curse
 i - a scroll of teleportation
 j - 6 scrolls of enchant weapon
 r - a scroll of enchant armour
 t - a scroll of fog
 y - 3 scrolls of identify
Potions
 k - 2 potions of brilliance
 u - 2 potions of curing
 C - a potion of flight
Comestibles
 d - 14 rations


   Skills:
 + Level 6.5 Fighting
 * Level 8.1 Short Blades
 * Level 7.3 Armour
 * Level 8.2 Dodging
 - Level 5.0 Stealth
 - Level 5.0 Spellcasting
 + Level 5.7 Hexes
 - Level 2.0 Ice Magic


You had 13 spell levels left.
You knew the following spells:

 Your Spells              Type           Power        Failure   Level  Hunger
a - Corona                Hex            ##.....      2%          1    None
b - Ensorcelled Hibernat  Hex/Ice        ##....       9%          2    ##.....
c - Confuse               Hex            ##......     8%          3    ###....
d - Confusing Touch       Hex            ##....       2%          1    None

Your spell library contained the following spells:

 Spells                   Type           Power        Failure   Level  Hunger
 Tukima's Dance           Hex            ##......     8%          3    ###....
 Animate Skeleton         Necr           N/A          26%         1    None
 Apportation              Tloc           #.....       26%         1    None
 Flame Tongue             Conj/Fire      #....        26%         1    None
 Pain                     Necr           #...         26%         1    None
 Sandblast                Erth           #.....       26%         1    None
 Shock                    Conj/Air       #...         26%         1    None
 Summon Small Mammal      Summ           #...         26%         1    None
 Dazzling Spray           Conj/Hex       #.....       26%         3    ###....
 Inner Flame              Hex/Fire       #.......     26%         3    ###....
 Passwall                 Tmut/Erth      #.......     38%         2    ##.....
 Swiftness                Chrm/Air       #.......     38%         2    ##.....
 Throw Flame              Conj/Fire      #.....       38%         2    ##.....
 Conjure Flame            Conj/Fire      #.......     63%         3    ###....
 Regeneration             Chrm/Necr      #.........   63%         3    ###....
 Static Discharge         Conj/Air       #.......     63%         3    ###....
 Stone Arrow              Conj/Erth      #.....       63%         3    ###....
 Vampiric Draining        Necr           #.........   63%         3    ###....
 Airstrike                Air            #.........   95%         4    ####...
 Animate Dead             Necr           N/A          95%         4    ####...
 Petrify                  Tmut/Erth      #.......     95%         4    ####...
 Sticky Flame             Conj/Fire      #.......     95%         4    ####...
 Fireball                 Conj/Fire      #.........   100%        5    ######.
 Lee's Rapid Deconstruct  Erth           #.........   100%        5    ######.
 Lightning Bolt           Conj/Air       #.........   100%        5    ######.


Dungeon Overview and Level Annotations

Branches:
Dungeon (10/15)            Temple (1/1) D:7
   Lair: D:8-11         Orc: D:9-12

Altars:
Ashenzari
Cheibriados
Dithmenos
Elyvilon
Fedhas
Gozag
Hepliaklqana
Kikubaaqudgha
Makhleb
Nemelex Xobeh
Okawaru
Qazlal
Ru
Sif Muna
Trog
Uskayaw
Vehumet
Wu Jian
Xom
Yredelemnul
Zin
The Shining One

Shops:
D:4 *   D:6 *


Innate Abilities, Weirdness & Mutations

Your body is rotting away.
You thrive on raw meat.
You are immune to poison.
You have sharp fingernails.
You are carnivorous and can eat meat at any time.
Your flesh is cold resistant. (rC+)
You are immune to negative energy. (rN+++)
You do not regenerate when monsters are visible.
You are immune to unholy pain and torment.
You can survive without breathing.


Message History

The orc hits you but does no damage.
You puncture the orc!
You kill the orc!
Evoke which item? (* to show all) (? for menu, Esc to quit)
Okay, then.
Okay, then.
The wraith seems less confused.
You feel yourself speed up.
Casting: Confusing Touch (safe; 2% risk of failure)
Confirm with . or Enter, or press ? or * to list all spells.
Your hands begin to glow red.
The wraith hits you.
* * * LOW HITPOINT WARNING * * *
You hit the wraith but do no damage. The wraith barely misses you.
You hit the wraith but do no damage. You hit the wraith but do no damage.
The wraith hits you.
* * * LOW HITPOINT WARNING * * *
The wraith drains your vigour!
You feel yourself slow down.
You hit the wraith but do no damage.
The wraith appears confused.
You feel better. The wraith hits you!
You die...

### ###.##
##########[>(.#
###...).....[...#
##.W...#...[[...##
#..@########.....###
#..## ####..... #)##
#..... #.# #### ###
##.... #[###..###.##
##... #)#....##...#
##.. #...........#
##. #....#####..# ##
#....# #..# #


You could see a wraith (confused).

Vanquished Creatures
  A death yak (D:8)
  A two-headed ogre (D:8)
  A skeletal warrior (D:10)
  A centaur zombie (D:10)
  2 centaur skeletons (D:10)
  A polar bear (D:8)
  A hippogriff (D:10)
  4 wraiths
  7 yaks
  A centaur simulacrum (D:10)
  A hungry ghost (D:9)
  Menkaure (D:7)
  A water moccasin (D:8)
  4 orc warriors
  A hornet zombie (D:9)
  5 ice beasts
  A black bear (D:7)
  7 ogres
  2 sky beasts
  2 necrophages
  A phantom (D:5)
  2 wolves (D:8)
  4 centaurs
  2 big kobolds
  A gnoll sergeant (D:8)
  4 bullfrogs
  2 wyvern skeletons (D:10)
  4 scorpions
  14 wights
  3 killer bees (D:7)
  3 howler monkeys
  3 electric eels (D:8)
  3 crimson imps
  5 bullfrog zombies
  6 hounds
  A quasit (D:7)
  3 jellies
  13 orc wizards
  A gnoll shaman (D:9)
  3 orc priests
  2 iguanas (D:7)
  Ijyb (D:3)
  Natasha (thrice) (D:3)
  16 worker ants
  A killer bee zombie (D:6)
  2 bullfrog simulacra (D:8)
  A mummy (Ossuary)
  A worker ant zombie (D:6)
  19 gnolls
  15 adders
  A hound simulacrum (D:8)
  2 shadow imps
  3 white imps (D:8)
  2 adder skeletons
  2 worms (D:2)
  A dart slug (D:2)
  5 leopard geckos
  30 orcs
  3 giant cockroaches
  14 goblins
  5 hobgoblins
  15 jackals
  16 kobolds
  5 quokkas
  4 ball pythons
  2 bats (D:1)
  5 frilled lizards
  7 gnoll skeletons (Ossuary)
  A jackal skeleton (D:6)
  8 kobold skeletons (Ossuary)
  A leopard gecko skeleton (D:5)
  2 leopard gecko zombies
  10 orc skeletons (Ossuary)
  An orc zombie (D:6)
  A quokka skeleton (D:4)
  A quokka zombie (D:8)
  7 rats
338 creatures vanquished.

Vanquished Creatures (others)
  An ufetubus (D:8)
1 creature vanquished.

Grand Total: 339 creatures vanquished

Notes
Turn   | Place    | Note
-------+----------+-------------------------------------------
     0 | D:1      | Borgoz the Ghoul Enchanter began the quest for the Orb.
     0 | D:1      | Reached XP level 1. HP: 14/14 MP: 2/2
    56 | D:1      | Reached skill level 1 in Short Blades
   324 | D:1      | Reached XP level 2. HP: 15/20 MP: 3/3
   796 | D:1      | Reached XP level 3. HP: 24/27 MP: 5/5
  1303 | D:1      | Learned a level 2 spell: Ensorcelled Hibernation
  1307 | D:1      | Learned a level 3 spell: Confuse
  1490 | D:1      | Reached skill level 1 in Fighting
  1584 | D:1      | Reached XP level 4. HP: 14/35 MP: 6/6
  1927 | D:2      | Reached skill level 1 in Armour
  1971 | D:2      | Reached XP level 5. HP: 8/40 MP: 0/7
  2813 | D:2      | Found an ancient bone altar of Kikubaaqudgha.
  2895 | D:3      | Noticed Natasha
  2902 | D:3      | Killed Natasha
  3047 | D:3      | Reached XP level 6. HP: 41/48 MP: 4/8
  3154 | D:3      | Noticed Natasha
  3160 | D:3      | Killed Natasha
  3231 | D:3      | Found a faded altar of an unknown god.
  3252 | D:3      | Noticed Natasha
  3262 | D:3      | Killed Natasha
  3397 | D:3      | Noticed Ijyb
  3422 | D:3      | Killed Ijyb
  3422 | D:3      | Reached skill level 1 in Ice Magic
  3969 | D:4      | Found Etis Hum's General Store.
  3985 | D:4      | Reached XP level 7. HP: 48/52 MP: 6/9
  4656 | D:5      | Entered Level 5 of the Dungeon
  4783 | D:4      | Reached XP level 8. HP: 62/62 MP: 2/11
  5064 | D:5      | HP: 3/63 [centaur (7)]
  5101 | D:5      | Reached skill level 5 in Stealth
  5391 | D:6      | Found Qyakamn's Assorted Antiques.
  5464 | D:6      | Bought an ivory ring for 130 gold pieces
  5620 | D:6      | Reached skill level 5 in Dodging
  5620 | D:6      | Reached XP level 9. HP: 66/70 MP: 13/13
  5950 | D:6      | Reached skill level 5 in Short Blades
  6060 | D:6      | Found a sand-covered staircase.
  6076 | Ossuary  | Entered an ossuary
  6431 | D:6      | Learned a level 1 spell: Confusing Touch
  6808 | D:7      | Found a shimmering altar of Xom.
  6912 | D:7      | Noticed Menkaure
  6935 | D:7      | Killed Menkaure
  7044 | D:7      | Found a staircase to the Ecumenical Temple.
  7335 | D:7      | Reached XP level 10. HP: 71/80 MP: 15/15
  7484 | D:7      | Reached skill level 5 in Armour
  7628 | Temple   | Entered the Ecumenical Temple
  7663 | Temple   | Became a worshipper of Ashenzari the Shackled
  7991 | D:8      | Noticed a death yak
  8048 | D:8      | HP: 1/79 [death yak (14)]
  8053 | D:8      | Killed a death yak
  8053 | D:8      | Reached skill level 5 in Fighting
  8091 | D:8      | Found a burning altar of Makhleb.
  8094 | D:8      | HP: 4/81 [white imp/puff of frost (3)]
  9380 | D:8      | Noticed a two-headed ogre
  9390 | D:8      | Reached skill level 5 in Hexes
  9418 | D:8      | Killed a two-headed ogre
  9418 | D:8      | Reached XP level 11. HP: 32/89 MP: 15/17
 10182 | D:9      | Reached skill level 5 in Spellcasting
 10702 | D:10     | Entered Level 10 of the Dungeon
 10705 | D:10     | Reached * piety under Ashenzari
 10839 | D:10     | Noticed a necromancer
 11082 | D:10     | Noticed a skeletal warrior
 11155 | D:10     | Killed a skeletal warrior
 11933 | D:9      | Slain by a wraith

Skill      XL: |  1  2  3  4  5  6  7  8  9 10 11 |
---------------+----------------------------------+-----
Short Blades   | 1 2 3 4 5 7 8 |  8.1
Dodging        | 2 3 4 5 6 7 8 |  8.2
Spellcasting   | 2 3 4 5 |  5.0
Fighting       | 1 2 3 4 5 6 |  6.5
Armour         | 1 2 3 4 6 7 |  7.3
Stealth        | 4 5 |  5.0
Ice Magic      | 1 2 |  2.0
Hexes          | 3 4 5 |  5.7

Action                   |  1- 3 |  4- 6 |  7- 9 | 10-12 || total
-------------------------+-------+-------+-------+-------++-------
Melee: Dagger            |   166 |   169 |   140 |       ||   475
       Rapier            |       |       |   383 |   907 ||  1290
 Cast: Corona            |     2 |       |     1 |       ||     3
       Ensorcelled Hiber |       |    27 |    23 |       ||    50
       Confusing Touch   |       |       |     1 |    30 ||    31
Invok: Curse Item        |       |       |       |     2 ||     2
Evoke: Wand              |       |       |     8 |    11 ||    19
  Use: Potion            |     4 |       |    10 |    12 ||    26
       Scroll            |       |     7 |    17 |     4 ||    28
 Stab: Sleeping          |     2 |    21 |    19 |     5 ||    47
       Invisible         |       |       |     2 |     2 ||     4
       Confused          |       |       |     1 |    27 ||    28
       Distracted        |       |       |       |     1 ||     1
  Eat: Chunk             |    11 |    16 |    30 |    28 ||    85
Armor: Robe              |    23 |    14 |       |       ||    37
       Leather armour    |       |     6 |   132 |   268 ||   406
Dodge: Dodged            |   116 |   120 |   361 |   535 ||  1132
